[ AOE2 MATCH · #480519614 ]
UnrankedLithuanians vs Chinese
[ REPLAY ANALYSIS · EXTRACTED FROM THE RECORDED GAME ]
Feudal
11:47
Castle
15:33
Imperial
—
| APM avg | 25.4 |
| APM peak | 57 |
| eAPM avg | 16.2 |
| Villagers / military | 47 / 2 |
Focus
⚔️ 10.8% · 🌾 89.2%
Monk ×2
Feudal
12:47
Castle
—
Imperial
—
| APM avg | 37.8 |
| APM peak | 119 |
| eAPM avg | 21.5 |
| Villagers / military | 47 / 0 |
Focus
⚔️ 28.6% · 🌾 71.4%
Feudal
13:23
Castle
21:17
Imperial
—
| APM avg | 25.7 |
| APM peak | 49 |
| eAPM avg | 11.7 |
| Villagers / military | 49 / 0 |
Focus
⚔️ 14.0% · 🌾 86.0%
Feudal
11:26
Castle
15:46
Imperial
—
| APM avg | 82.8 |
| APM peak | 132 |
| eAPM avg | 59.5 |
| Villagers / military | 95 / 0 |
Focus
⚔️ 3.9% · 🌾 96.1%
Feudal
12:34
Castle
20:57
Imperial
—
| APM avg | 31.3 |
| APM peak | 52 |
| eAPM avg | 16.4 |
| Villagers / military | 43 / 9 |
Focus
⚔️ 31.7% · 🌾 68.3%
Militia ×5 · Archer ×4
Feudal
11:03
Castle
15:00
Imperial
—
| APM avg | 19.4 |
| APM peak | 54 |
| eAPM avg | 11.4 |
| Villagers / military | 84 / 1 |
Focus
⚔️ 6.6% · 🌾 93.4%
Monk ×1
Feudal
10:43
Castle
14:20
Imperial
—
| APM avg | 28.8 |
| APM peak | 71 |
| eAPM avg | 15.9 |
| Villagers / military | 76 / 0 |
Focus
⚔️ 19.0% · 🌾 81.0%
Feudal
11:30
Castle
15:05
Imperial
—
| APM avg | 26.1 |
| APM peak | 55 |
| eAPM avg | 15.5 |
| Villagers / military | 63 / 13 |
Focus
⚔️ 23.3% · 🌾 76.7%
Mangudai ×11 · Petard ×2
Match map
Initial resources + every placement click. Lines = walls · curves = elevation contours. ◆ gold · ⬟ stone · ● berries · ✦ relic · ◌ wall gap
Your base· ✓ Closed at 15:33 · 0t walls · no gate
|AT| Gorkha's base· ✓ Closed at 12:00 · 37t walls · no gate
jrox's base· Open — opponent sealed themselves in
PL_KOLO's base· Open — opponent sealed themselves in
EarlyQuitter's base· ✓ Closed at 20:57 · 35t walls · no gate
ZawiszaCzarny's base· Open — opponent sealed themselves in
Сергей Петрович's base· ✓ Closed at 14:20 · 0t walls · no gate
Dawidowww's base· Open — opponent sealed themselves in
Smoothed initial terrain · ◌ = detected wall gap · hover for details
Inputs per minute
— wayneidriss - - |AT| Gorkha
Build order — wayneidriss
117 actions detected in the replay
| 0:01 | Create | Villager (Male) |
| 0:01 | Create | Villager (Male) |
| 0:03 | Build | House |
| 0:04 | Build | House |
| 0:29 | Create | Villager (Male) |
| 0:29 | Create | Villager (Male) |
| 0:30 | Create | Villager (Male) |
| 0:39 | Create | Villager (Male) |
| 1:29 | Create | Villager (Male) |
| 2:02 | Create | Villager (Male) |
| 2:16 | Create | Villager (Male) |
| 2:46 | Build | Lumber Camp |
| 2:51 | Create | Villager (Male) |
| 2:58 | Create | Villager (Male) |
| 3:29 | Create | Villager (Male) |
| 4:37 | Research | Loom |
| 5:02 | Build | House |
| 5:04 | Build | House |
| 5:23 | Create | Villager (Male) |
| 5:24 | Create | Villager (Male) |
| 5:24 | Create | Villager (Male) |
| 5:24 | Create | Villager (Male) |
| 5:25 | Create | Villager (Male) |
| 5:25 | Create | Villager (Male) |
| 6:19 | Build | House |
| 6:34 | Build | House |
| 6:44 | Create | Villager (Male) |
| 6:44 | Create | Villager (Male) |
| 6:53 | Build | House |
| 7:31 | Create | Villager (Male) |
| 7:31 | Create | Villager (Male) |
| 7:31 | Create | Villager (Male) |
| 8:24 | Build | Mining Camp |
| 9:05 | Build | Mill |
| 9:14 | Research | Feudal Age |
| 9:14 | Research | Feudal Age |
| 9:54 | Build | House |
| 9:55 | Build | House |
| 11:05 | Create | Villager (Male) |
| 11:05 | Create | Villager (Male) |
| 11:47 | Age | Feudal Age |
| 11:52 | Build | Market |
| 11:57 | Build | Blacksmith |
| 12:11 | Research | Double-Bit Axe |
| 12:33 | Build | Barracks |
| 12:53 | Research | Castle Age |
| 13:29 | Research | Scale Barding Armor |
| 13:32 | Research | Horse Collar |
| 13:42 | Build | Lumber Camp |
| 13:50 | Build | Stable |
| 15:30 | Create | Villager (Male) |
| 15:31 | Create | Villager (Male) |
| 15:33 | Age | Castle Age |
| 15:38 | Build | Town Center |
| 15:56 | Build | Town Center |
| 16:08 | Create | Villager (Male) |
| 16:27 | Build | Farm |
| 16:27 | Build | Farm |
| 16:27 | Build | Farm |
| 16:28 | Build | Farm |
| 16:28 | Build | Farm |
| 16:28 | Build | Farm |
| 16:30 | Create | Villager (Male) |
| 17:20 | Create | Villager (Male) |
| 17:25 | Build | Farm |
| 17:25 | Build | Farm |
| 17:25 | Build | Farm |
| 17:26 | Build | Farm |
| 17:26 | Build | Farm |
| 17:59 | Create | Villager (Male) |
| 18:00 | Research | Wheelbarrow |
| 18:00 | Research | Wheelbarrow |
| 18:03 | Create | Villager (Male) |
| 18:08 | Build | Monastery |
| 18:10 | Create | Villager (Male) |
| 18:11 | Create | Villager (Male) |
| 18:12 | Create | Villager (Male) |
| 18:13 | Create | Villager (Male) |
| 18:13 | Create | Villager (Male) |
| 18:16 | Build | Farm |
| 18:16 | Build | Farm |
| 18:16 | Build | Farm |
| 18:16 | Build | Farm |
| 18:17 | Build | Farm |
| 18:17 | Build | Farm |
| 18:25 | Build | Farm |
| 18:25 | Build | Farm |
| 18:25 | Build | Farm |
| 18:25 | Build | Farm |
| 18:28 | Create | Villager (Male) |
| 18:42 | Create | Villager (Male) |
| 18:50 | Create | Monk |
| 18:50 | Create | Monk |
| 19:04 | Create | Villager (Male) |
| 19:04 | Create | Villager (Male) |
| 19:05 | Create | Villager (Male) |
| 19:21 | Build | Farm |
| 19:21 | Build | Farm |
| 19:21 | Build | Farm |
| 19:21 | Build | Farm |
| 19:26 | Build | Farm |
| 19:26 | Build | Farm |
| 19:27 | Build | Farm |
| 19:27 | Build | Farm |
| 19:35 | Create | Villager (Male) |
| 19:45 | Build | House |
| 19:50 | Build | House |
| 19:51 | Build | House |
| 19:51 | Build | House |
| 19:58 | Create | Villager (Male) |
| 20:39 | Create | Villager (Male) |
| 20:39 | Create | Villager (Male) |
| 21:10 | Create | Villager (Male) |
| 21:12 | Build | Farm |
| 21:12 | Build | Farm |
| 21:12 | Build | Farm |
| 21:15 | Build | Lumber Camp |
Build order — |AT| Gorkha
114 actions detected in the replay
| 0:03 | Research | Loom |
| 0:17 | Create | Villager (Male) |
| 0:17 | Create | Villager (Male) |
| 0:17 | Create | Villager (Male) |
| 0:29 | Create | Villager (Male) |
| 0:29 | Create | Villager (Male) |
| 0:58 | Build | House |
| 1:08 | Build | House |
| 2:44 | Build | Palisade Wall |
| 3:07 | Create | Villager (Male) |
| 3:08 | Create | Villager (Male) |
| 3:41 | Create | Villager (Male) |
| 3:41 | Create | Villager (Male) |
| 3:45 | Build | Lumber Camp |
| 4:20 | Create | Villager (Male) |
| 4:21 | Create | Villager (Male) |
| 4:39 | Build | Palisade Wall |
| 4:45 | Create | Villager (Male) |
| 4:45 | Create | Villager (Male) |
| 5:11 | Build | Palisade Wall |
| 5:12 | Create | Villager (Male) |
| 5:23 | Build | House |
| 5:44 | Build | Palisade Wall |
| 5:45 | Build | Palisade Wall |
| 5:46 | Build | Palisade Wall |
| 5:47 | Build | Palisade Wall |
| 5:47 | Build | Palisade Wall |
| 5:49 | Create | Villager (Male) |
| 5:50 | Create | Villager (Male) |
| 6:13 | Create | Villager (Male) |
| 6:25 | Create | Villager (Male) |
| 6:34 | Build | Palisade Wall |
| 6:35 | Build | Palisade Wall |
| 6:36 | Build | Palisade Wall |
| 6:36 | Build | Palisade Wall |
| 6:37 | Create | Villager (Male) |
| 7:12 | Build | House |
| 7:30 | Create | Villager (Male) |
| 7:48 | Create | Villager (Male) |
| 7:57 | Create | Villager (Male) |
| 8:27 | Build | Palisade Wall |
| 8:28 | Build | Palisade Wall |
| 8:29 | Build | Palisade Wall |
| 8:31 | Build | Palisade Wall |
| 8:33 | Build | Palisade Wall |
| 8:35 | Create | Villager (Male) |
| 9:00 | Create | Villager (Male) |
| 9:10 | Create | Villager (Male) |
| 9:37 | Build | Mill |
| 9:50 | Build | Palisade Wall |
| 9:51 | Build | Palisade Wall |
| 9:53 | Create | Villager (Male) |
| 10:20 | Create | Villager (Male) |
| 10:56 | Create | Villager (Male) |
| 10:59 | Build | Mining Camp |
| 11:01 | Research | Feudal Age |
| 11:27 | Build | Farm |
| 11:29 | Research | Feudal Age |
| 11:36 | Create | Villager (Male) |
| 11:59 | Build | Farm |
| 12:00 | Build | Farm |
| 12:20 | Build | Outpost |
| 12:27 | Build | Farm |
| 12:29 | Build | Farm |
| 12:35 | Build | House |
| 12:47 | Age | Feudal Age |
| 12:51 | Create | Villager (Male) |
| 13:05 | Build | Stone Wall |
| 13:19 | Build | Farm |
| 13:23 | Build | Farm |
| 13:28 | Research | Double-Bit Axe |
| 13:40 | Build | Stone Wall |
| 13:41 | Build | Stone Wall |
| 13:42 | Build | Stone Wall |
| 13:44 | Build | Stone Wall |
| 13:46 | Build | Stone Wall |
| 13:47 | Create | Villager (Male) |
| 13:48 | Create | Villager (Male) |
| 13:50 | Build | Farm |
| 13:52 | Build | Farm |
| 13:53 | Build | Farm |
| 13:55 | Build | House |
| 14:05 | Create | Villager (Male) |
| 14:21 | Build | Farm |
| 14:57 | Create | Villager (Male) |
| 15:01 | Build | Blacksmith |
| 15:13 | Build | Farm |
| 15:15 | Create | Villager (Male) |
| 15:39 | Build | Farm |
| 15:41 | Create | Villager (Male) |
| 15:46 | Build | House |
| 16:16 | Build | Stone Wall |
| 16:29 | Create | Villager (Male) |
| 16:41 | Build | Stone Wall |
| 16:46 | Build | Lumber Camp |
| 16:50 | Create | Villager (Male) |
| 16:50 | Create | Villager (Male) |
| 17:00 | Build | Stone Wall |
| 17:08 | Create | Villager (Male) |
| 17:20 | Create | Villager (Male) |
| 17:29 | Build | Stone Wall |
| 18:37 | Build | Stone Wall |
| 18:41 | Create | Villager (Male) |
| 18:41 | Create | Villager (Male) |
| 18:42 | Create | Villager (Male) |
| 18:44 | Build | Mining Camp |
| 18:47 | Build | House |
| 18:58 | Create | Villager (Male) |
| 19:10 | Build | Stone Wall |
| 19:23 | Build | Stone Wall |
| 19:29 | Build | Stone Wall |
| 19:42 | Create | Villager (Male) |
| 19:42 | Create | Villager (Male) |
| 20:02 | Build | Market |
Build order — jrox
94 actions detected in the replay
| 0:38 | Research | Loom |
| 1:05 | Create | Villager (Male) |
| 1:53 | Create | Villager (Male) |
| 1:53 | Create | Villager (Male) |
| 2:20 | Create | Villager (Male) |
| 2:20 | Create | Villager (Male) |
| 3:03 | Create | Villager (Male) |
| 3:25 | Build | House |
| 3:29 | Build | House |
| 4:08 | Create | Villager (Male) |
| 4:08 | Create | Villager (Male) |
| 4:26 | Create | Villager (Male) |
| 4:26 | Create | Villager (Male) |
| 4:45 | Build | Palisade Wall |
| 4:46 | Create | Villager (Male) |
| 4:50 | Create | Villager (Male) |
| 4:51 | Create | Villager (Male) |
| 5:18 | Build | Palisade Wall |
| 5:22 | Create | Villager (Male) |
| 5:23 | Create | Villager (Male) |
| 5:37 | Create | Villager (Male) |
| 5:38 | Create | Villager (Male) |
| 5:55 | Build | House |
| 6:16 | Create | Villager (Male) |
| 6:17 | Create | Villager (Male) |
| 6:17 | Create | Villager (Male) |
| 6:43 | Create | Villager (Male) |
| 6:44 | Create | Villager (Male) |
| 7:12 | Create | Villager (Male) |
| 7:20 | Build | Lumber Camp |
| 7:33 | Create | Villager (Male) |
| 7:48 | Build | House |
| 8:11 | Create | Villager (Male) |
| 8:11 | Create | Villager (Male) |
| 8:11 | Create | Villager (Male) |
| 8:31 | Build | House |
| 8:39 | Create | Villager (Male) |
| 8:39 | Create | Villager (Male) |
| 10:02 | Create | Villager (Male) |
| 10:03 | Create | Villager (Male) |
| 10:17 | Build | Mill |
| 11:06 | Research | Feudal Age |
| 11:47 | Build | Mill |
| 13:07 | Build | Palisade Wall |
| 13:19 | Build | Mining Camp |
| 13:23 | Age | Feudal Age |
| 13:37 | Build | Stone Wall |
| 13:43 | Build | Stone Wall |
| 13:48 | Build | Stone Wall |
| 14:01 | Build | Watch Tower |
| 14:15 | Create | Villager (Male) |
| 14:15 | Create | Villager (Male) |
| 14:15 | Create | Villager (Male) |
| 14:16 | Create | Villager (Male) |
| 14:16 | Create | Villager (Male) |
| 14:34 | Build | House |
| 14:47 | Create | Villager (Male) |
| 14:48 | Create | Villager (Male) |
| 14:48 | Create | Villager (Male) |
| 14:48 | Create | Villager (Male) |
| 15:11 | Build | Mining Camp |
| 15:13 | Create | Villager (Male) |
| 15:13 | Create | Villager (Male) |
| 15:13 | Create | Villager (Male) |
| 15:19 | Research | Horse Collar |
| 15:42 | Build | Farm |
| 15:52 | Build | Lumber Camp |
| 15:54 | Create | Villager (Male) |
| 15:55 | Create | Villager (Male) |
| 15:58 | Build | Farm |
| 16:10 | Build | House |
| 16:26 | Build | Farm |
| 16:34 | Create | Villager (Male) |
| 16:44 | Build | House |
| 16:57 | Research | Wheelbarrow |
| 17:23 | Build | Market |
| 17:48 | Build | Blacksmith |
| 18:37 | Research | Castle Age |
| 18:42 | Research | Double-Bit Axe |
| 19:11 | Build | Farm |
| 19:15 | Build | Farm |
| 19:19 | Build | Farm |
| 19:24 | Build | House |
| 19:32 | Build | Farm |
| 19:33 | Build | Farm |
| 19:37 | Build | Farm |
| 20:22 | Build | House |
| 20:52 | Build | House |
| 20:53 | Build | House |
| 21:17 | Age | Castle Age |
| 21:20 | Create | Villager (Male) |
| 21:20 | Create | Villager (Male) |
| 21:20 | Create | Villager (Male) |
| 21:31 | Build | Siege Workshop |
Build order — PL_KOLO
First 150 of 156 actions detected
| 0:02 | Create | Villager (Male) |
| 0:02 | Create | Villager (Male) |
| 0:02 | Create | Villager (Male) |
| 0:03 | Create | Villager (Male) |
| 0:04 | Build | House |
| 0:06 | Build | House |
| 0:58 | Create | Villager (Male) |
| 1:39 | Create | Villager (Male) |
| 1:47 | Build | Lumber Camp |
| 2:32 | Create | Villager (Male) |
| 2:33 | Create | Villager (Male) |
| 2:53 | Build | House |
| 3:00 | Create | Villager (Male) |
| 3:17 | Create | Villager (Male) |
| 3:30 | Research | Loom |
| 3:50 | Create | Villager (Male) |
| 3:50 | Create | Villager (Male) |
| 4:26 | Create | Villager (Male) |
| 4:26 | Create | Villager (Male) |
| 4:53 | Create | Villager (Male) |
| 4:59 | Build | Mill |
| 5:08 | Create | Villager (Male) |
| 5:23 | Create | Villager (Male) |
| 5:23 | Create | Villager (Male) |
| 5:55 | Create | Villager (Male) |
| 6:04 | Create | Villager (Male) |
| 6:14 | Build | House |
| 6:42 | Build | House |
| 6:54 | Create | Villager (Male) |
| 7:15 | Create | Villager (Male) |
| 7:23 | Build | Mill |
| 7:47 | Create | Villager (Male) |
| 7:58 | Create | Villager (Male) |
| 8:16 | Create | Villager (Male) |
| 8:46 | Create | Villager (Male) |
| 8:47 | Create | Villager (Male) |
| 8:52 | Build | Farm |
| 8:53 | Build | Farm |
| 8:56 | Build | Farm |
| 9:23 | Research | Feudal Age |
| 9:42 | Create | Villager (Male) |
| 9:51 | Create | Villager (Male) |
| 10:26 | Create | Villager (Male) |
| 11:04 | Create | Villager (Male) |
| 11:05 | Create | Villager (Male) |
| 11:14 | Create | Villager (Male) |
| 11:14 | Create | Villager (Male) |
| 11:24 | Build | Mining Camp |
| 11:26 | Age | Feudal Age |
| 11:32 | Build | Market |
| 11:34 | Build | Blacksmith |
| 11:43 | Create | Villager (Male) |
| 11:54 | Build | House |
| 12:00 | Create | Villager (Male) |
| 12:37 | Create | Villager (Male) |
| 13:02 | Build | House |
| 13:05 | Build | House |
| 13:11 | Research | Castle Age |
| 13:37 | Create | Villager (Male) |
| 13:37 | Create | Villager (Male) |
| 14:08 | Create | Villager (Male) |
| 14:08 | Create | Villager (Male) |
| 14:11 | Research | Double-Bit Axe |
| 14:11 | Research | Double-Bit Axe |
| 14:26 | Create | Villager (Male) |
| 14:26 | Create | Villager (Male) |
| 15:16 | Create | Villager (Male) |
| 15:27 | Build | House |
| 15:46 | Age | Castle Age |
| 15:48 | Build | Town Center |
| 16:03 | Build | Town Center |
| 16:07 | Create | Villager (Male) |
| 16:14 | Build | Farm |
| 16:21 | Create | Villager (Male) |
| 16:24 | Research | Bow Saw |
| 16:30 | Research | Horse Collar |
| 16:31 | Create | Villager (Male) |
| 16:57 | Build | Farm |
| 17:06 | Create | Villager (Male) |
| 17:10 | Create | Villager (Male) |
| 17:10 | Create | Villager (Male) |
| 17:19 | Create | Villager (Male) |
| 17:20 | Create | Villager (Male) |
| 17:20 | Create | Villager (Male) |
| 17:21 | Create | Villager (Male) |
| 17:21 | Create | Villager (Male) |
| 17:25 | Build | Farm |
| 17:26 | Build | Farm |
| 17:30 | Build | Farm |
| 17:32 | Build | Farm |
| 17:41 | Create | Villager (Male) |
| 17:45 | Create | Villager (Male) |
| 17:49 | Build | Farm |
| 17:49 | Build | Farm |
| 17:57 | Build | Farm |
| 18:03 | Build | Farm |
| 18:08 | Create | Villager (Male) |
| 18:17 | Create | Villager (Male) |
| 18:27 | Build | Farm |
| 18:32 | Build | Farm |
| 18:33 | Build | Farm |
| 18:37 | Build | Farm |
| 18:39 | Create | Villager (Male) |
| 18:49 | Create | Villager (Male) |
| 18:55 | Create | Villager (Male) |
| 18:55 | Create | Villager (Male) |
| 19:00 | Build | Farm |
| 19:08 | Build | Farm |
| 19:08 | Build | Farm |
| 19:17 | Create | Villager (Male) |
| 19:18 | Create | Villager (Male) |
| 19:25 | Build | Farm |
| 19:26 | Build | Farm |
| 19:30 | Build | House |
| 19:30 | Build | House |
| 19:33 | Create | Villager (Male) |
| 19:35 | Create | Villager (Male) |
| 19:41 | Build | Farm |
| 19:41 | Build | Farm |
| 19:48 | Create | Villager (Male) |
| 19:50 | Create | Villager (Male) |
| 19:57 | Build | Farm |
| 19:58 | Build | Farm |
| 20:02 | Create | Villager (Male) |
| 20:07 | Build | Farm |
| 20:11 | Build | Farm |
| 20:16 | Create | Villager (Male) |
| 20:17 | Create | Villager (Male) |
| 20:21 | Build | Farm |
| 20:29 | Create | Villager (Male) |
| 20:29 | Create | Villager (Male) |
| 20:30 | Create | Villager (Male) |
| 20:30 | Create | Villager (Male) |
| 20:33 | Build | Farm |
| 20:39 | Create | Villager (Male) |
| 20:40 | Create | Villager (Male) |
| 20:50 | Build | Farm |
| 20:51 | Build | Farm |
| 20:55 | Create | Villager (Male) |
| 20:56 | Create | Villager (Male) |
| 20:57 | Create | Villager (Male) |
| 20:57 | Create | Villager (Male) |
| 21:09 | Create | Villager (Male) |
| 21:09 | Create | Villager (Male) |
| 21:16 | Create | Villager (Male) |
| 21:17 | Create | Villager (Male) |
| 21:17 | Create | Villager (Male) |
| 21:18 | Create | Villager (Male) |
| 21:19 | Create | Villager (Male) |
| 21:21 | Create | Villager (Male) |
Build order — EarlyQuitter
100 actions detected in the replay
| 0:00 | Research | Loom |
| 0:01 | Create | Villager (Male) |
| 0:02 | Build | House |
| 0:03 | Build | House |
| 0:28 | Create | Villager (Male) |
| 0:29 | Create | Villager (Male) |
| 0:39 | Create | Villager (Male) |
| 0:39 | Create | Villager (Male) |
| 0:52 | Build | Palisade Wall |
| 1:52 | Create | Villager (Male) |
| 2:41 | Create | Villager (Male) |
| 3:13 | Build | Lumber Camp |
| 3:33 | Create | Villager (Male) |
| 3:34 | Create | Villager (Male) |
| 4:04 | Build | Palisade Wall |
| 4:23 | Create | Villager (Male) |
| 4:23 | Create | Villager (Male) |
| 5:12 | Create | Villager (Male) |
| 5:12 | Create | Villager (Male) |
| 5:32 | Build | House |
| 5:46 | Create | Villager (Male) |
| 6:01 | Build | House |
| 6:06 | Create | Villager (Male) |
| 6:07 | Create | Villager (Male) |
| 6:34 | Create | Villager (Male) |
| 6:59 | Create | Villager (Male) |
| 7:00 | Create | Villager (Male) |
| 7:21 | Create | Villager (Male) |
| 7:37 | Build | Mill |
| 7:53 | Create | Villager (Male) |
| 8:09 | Create | Villager (Male) |
| 8:36 | Create | Villager (Male) |
| 8:36 | Create | Villager (Male) |
| 9:01 | Build | Barracks |
| 9:03 | Create | Villager (Male) |
| 9:59 | Create | Villager (Male) |
| 10:10 | Research | Feudal Age |
| 10:24 | Create | Militia |
| 10:24 | Create | Militia |
| 10:32 | Build | Mining Camp |
| 10:37 | Build | House |
| 10:38 | Create | Militia |
| 10:45 | Build | Mill |
| 11:23 | Create | Militia |
| 11:23 | Create | Militia |
| 11:49 | Create | Villager (Male) |
| 12:13 | Create | Villager (Male) |
| 12:34 | Age | Feudal Age |
| 12:39 | Build | Watch Tower |
| 12:57 | Build | Watch Tower |
| 12:58 | Create | Villager (Male) |
| 13:00 | Research | Man-at-Arms (upgrade) |
| 13:04 | Build | Farm |
| 13:05 | Build | Farm |
| 13:08 | Build | Farm |
| 13:10 | Research | Double-Bit Axe |
| 13:15 | Build | Archery Range |
| 13:18 | Create | Villager (Male) |
| 13:18 | Create | Villager (Male) |
| 13:32 | Create | Villager (Male) |
| 14:06 | Research | Arson |
| 14:22 | Build | Farm |
| 14:23 | Build | Farm |
| 14:25 | Build | House |
| 14:26 | Build | House |
| 14:28 | Research | Town Watch |
| 14:37 | Build | Stone Wall |
| 14:41 | Build | Stone Wall |
| 14:44 | Create | Villager (Male) |
| 15:04 | Create | Villager (Male) |
| 15:04 | Create | Villager (Male) |
| 15:13 | Build | Mining Camp |
| 15:24 | Build | Farm |
| 15:27 | Build | Farm |
| 15:28 | Create | Villager (Male) |
| 16:04 | Create | Archer |
| 16:04 | Create | Archer |
| 16:26 | Build | Market |
| 16:36 | Build | Stone Wall |
| 16:40 | Create | Villager (Male) |
| 16:54 | Create | Villager (Male) |
| 17:13 | Create | Villager (Male) |
| 17:38 | Build | House |
| 18:14 | Create | Villager (Male) |
| 18:17 | Research | Castle Age |
| 18:37 | Build | Outpost |
| 18:40 | Create | Archer |
| 18:46 | Build | Blacksmith |
| 18:49 | Research | Horse Collar |
| 18:56 | Create | Archer |
| 19:09 | Build | Outpost |
| 19:20 | Build | Lumber Camp |
| 19:22 | Create | Villager (Male) |
| 20:57 | Age | Castle Age |
| 21:07 | Create | Villager (Male) |
| 21:08 | Create | Villager (Male) |
| 21:20 | Research | Fletching |
| 21:21 | Research | Padded Archer Armor |
| 21:27 | Build | Town Center |
| 21:30 | Build | Town Center |
Build order — ZawiszaCzarny
122 actions detected in the replay
| 0:01 | Create | Villager (Male) ×4 |
| 0:03 | Build | House |
| 0:05 | Build | House |
| 1:27 | Create | Villager (Male) |
| 1:27 | Create | Villager (Male) |
| 1:49 | Build | Lumber Camp |
| 2:13 | Create | Villager (Male) |
| 2:15 | Create | Villager (Male) |
| 2:15 | Create | Villager (Male) |
| 2:47 | Create | Villager (Male) |
| 3:37 | Create | Villager (Male) |
| 3:38 | Create | Villager (Male) |
| 3:41 | Build | House |
| 3:42 | Build | House |
| 4:04 | Create | Villager (Male) |
| 4:04 | Create | Villager (Male) |
| 4:23 | Create | Villager (Male) |
| 4:44 | Create | Villager (Male) |
| 5:16 | Create | Villager (Male) |
| 5:16 | Create | Villager (Male) |
| 5:40 | Create | Villager (Male) |
| 5:55 | Create | Villager (Male) ×2 |
| 6:22 | Build | Mill |
| 6:25 | Create | Villager (Male) |
| 6:42 | Research | Loom |
| 6:43 | Create | Villager (Male) |
| 8:03 | Create | Villager (Male) |
| 8:03 | Create | Villager (Male) |
| 8:38 | Research | Feudal Age |
| 8:50 | Build | Mining Camp |
| 9:19 | Create | Villager (Male) |
| 9:23 | Build | House |
| 9:24 | Build | House |
| 11:03 | Age | Feudal Age |
| 11:12 | Build | Market |
| 11:19 | Build | Blacksmith |
| 11:30 | Create | Villager (Male) |
| 11:35 | Create | Villager (Male) |
| 11:40 | Research | Double-Bit Axe |
| 11:40 | Research | Double-Bit Axe |
| 12:15 | Research | Castle Age |
| 12:34 | Research | Horse Collar |
| 12:56 | Build | Farm |
| 13:00 | Build | Farm |
| 13:03 | Build | Farm |
| 13:05 | Build | Farm |
| 13:07 | Build | Farm |
| 13:11 | Create | Villager (Male) |
| 15:00 | Age | Castle Age |
| 15:01 | Build | Town Center |
| 15:05 | Research | Bow Saw |
| 15:17 | Create | Villager (Male) |
| 15:17 | Create | Villager (Male) |
| 15:40 | Build | Town Center |
| 15:55 | Build | Farm |
| 16:12 | Create | Villager (Male) |
| 16:13 | Create | Villager (Male) |
| 16:17 | Create | Villager (Male) |
| 16:18 | Create | Villager (Male) |
| 16:23 | Build | Farm |
| 16:42 | Create | Villager (Male) |
| 16:43 | Create | Villager (Male) |
| 16:49 | Build | Farm |
| 16:54 | Build | Farm |
| 16:57 | Create | Villager (Male) ×2 |
| 16:58 | Create | Villager (Male) |
| 17:04 | Build | House |
| 17:05 | Build | House |
| 17:10 | Create | Villager (Male) ×2 |
| 17:10 | Create | Villager (Male) ×2 |
| 17:37 | Build | Monastery |
| 17:41 | Create | Villager (Male) ×2 |
| 17:41 | Create | Villager (Male) ×2 |
| 17:56 | Build | Farm |
| 17:58 | Build | Farm |
| 18:04 | Create | Villager (Male) ×2 |
| 18:13 | Build | Farm |
| 18:24 | Build | Farm |
| 18:26 | Create | Villager (Male) ×2 |
| 18:26 | Create | Villager (Male) ×2 |
| 18:30 | Research | Fervor |
| 18:31 | Create | Monk |
| 18:39 | Build | Farm |
| 18:45 | Build | Farm |
| 18:47 | Build | Farm |
| 19:04 | Create | Villager (Male) ×5 |
| 19:05 | Create | Villager (Male) ×5 |
| 19:08 | Build | Farm |
| 19:10 | Build | Farm |
| 19:22 | Create | Villager (Male) ×2 |
| 19:22 | Create | Villager (Male) ×2 |
| 19:35 | Build | House |
| 19:36 | Build | House |
| 19:37 | Build | House |
| 19:37 | Build | House |
| 19:38 | Build | House |
| 19:55 | Create | Villager (Male) ×5 |
| 20:00 | Build | Farm |
| 20:02 | Build | Farm |
| 20:05 | Build | Farm |
| 20:06 | Build | Farm |
| 20:09 | Build | Farm |
| 20:18 | Research | Wheelbarrow |
| 20:27 | Build | Farm |
| 20:35 | Create | Villager (Male) |
| 20:35 | Create | Villager (Male) |
| 20:36 | Create | Villager (Male) |
| 20:43 | Build | Farm |
| 20:56 | Create | Villager (Male) ×4 |
| 21:00 | Build | House |
| 21:02 | Build | House |
| 21:03 | Build | House |
| 21:04 | Build | House |
| 21:05 | Build | House |
| 21:06 | Build | House |
| 21:08 | Build | House |
| 21:13 | Build | Farm |
| 21:21 | Create | Villager (Male) ×4 |
| 21:34 | Build | Farm |
| 21:36 | Build | Farm |
| 21:44 | Build | Farm |
| 21:47 | Build | Farm |
Build order — Сергей Петрович
130 actions detected in the replay
| 0:01 | Create | Villager (Male) |
| 0:01 | Create | Villager (Male) |
| 0:18 | Build | House |
| 0:18 | Build | House |
| 0:18 | Build | House |
| 0:33 | Create | Villager (Male) |
| 0:33 | Create | Villager (Male) |
| 1:49 | Create | Villager (Male) |
| 2:17 | Create | Villager (Male) |
| 2:17 | Create | Villager (Male) |
| 2:38 | Create | Villager (Male) |
| 2:38 | Create | Villager (Male) |
| 3:09 | Create | Villager (Male) |
| 3:09 | Create | Villager (Male) |
| 3:16 | Build | Lumber Camp |
| 3:48 | Build | House |
| 3:56 | Create | Villager (Male) |
| 3:56 | Create | Villager (Male) |
| 4:16 | Create | Villager (Male) |
| 4:49 | Create | Villager (Male) |
| 5:44 | Create | Villager (Male) |
| 5:48 | Build | Mill |
| 5:59 | Build | Mill |
| 6:02 | Create | Villager (Male) |
| 6:24 | Create | Villager (Male) |
| 6:32 | Build | House |
| 6:37 | Create | Villager (Male) |
| 7:43 | Create | Villager (Male) |
| 8:01 | Create | Villager (Male) |
| 8:21 | Research | Feudal Age |
| 8:39 | Create | Villager (Male) |
| 8:59 | Build | Mining Camp |
| 10:27 | Create | Villager (Male) |
| 10:43 | Age | Feudal Age |
| 10:47 | Build | Market |
| 10:51 | Build | Blacksmith |
| 11:38 | Create | Villager (Male) |
| 11:40 | Research | Castle Age |
| 11:51 | Build | Lumber Camp |
| 12:11 | Research | Double-Bit Axe |
| 12:49 | Create | Villager (Male) |
| 12:49 | Create | Villager (Male) |
| 13:04 | Build | House |
| 13:20 | Build | Mill |
| 13:30 | Build | House |
| 13:35 | Build | House |
| 13:38 | Create | Villager (Male) |
| 14:20 | Age | Castle Age |
| 14:22 | Build | Town Center |
| 14:26 | Create | Villager (Male) |
| 14:33 | Build | Town Center |
| 14:37 | Create | Villager (Male) |
| 14:53 | Create | Villager (Male) |
| 15:12 | Research | Horse Collar |
| 15:15 | Build | Farm |
| 15:17 | Build | Farm |
| 15:20 | Build | Farm |
| 15:28 | Create | Villager (Male) |
| 15:32 | Build | Farm |
| 15:41 | Build | Farm |
| 15:41 | Create | Villager (Male) |
| 15:48 | Build | Farm |
| 15:50 | Build | Farm |
| 15:51 | Create | Villager (Male) |
| 16:06 | Build | Farm |
| 16:07 | Create | Villager (Male) |
| 16:19 | Build | Farm |
| 16:23 | Create | Villager (Male) |
| 16:29 | Build | Farm |
| 16:35 | Build | Farm |
| 16:36 | Create | Villager (Male) |
| 16:36 | Create | Villager (Male) |
| 16:50 | Create | Villager (Male) |
| 16:50 | Create | Villager (Male) |
| 17:03 | Build | Farm |
| 17:03 | Create | Villager (Male) |
| 17:07 | Build | Farm |
| 17:08 | Create | Villager (Male) |
| 17:13 | Build | Farm |
| 17:16 | Build | Farm |
| 17:18 | Create | Villager (Male) |
| 17:18 | Create | Villager (Male) |
| 17:33 | Create | Villager (Male) |
| 17:39 | Create | Villager (Male) |
| 17:39 | Create | Villager (Male) |
| 17:42 | Create | Villager (Male) |
| 17:42 | Create | Villager (Male) |
| 17:52 | Create | Villager (Male) |
| 18:01 | Build | Farm |
| 18:08 | Create | Villager (Male) |
| 18:08 | Create | Villager (Male) |
| 18:12 | Build | Town Center |
| 18:13 | Create | Villager (Male) |
| 18:19 | Create | Villager (Male) |
| 18:19 | Create | Villager (Male) |
| 18:26 | Build | House |
| 18:28 | Build | House |
| 18:31 | Build | House |
| 18:32 | Create | Villager (Male) |
| 18:41 | Create | Villager (Male) |
| 18:43 | Create | Villager (Male) |
| 18:43 | Create | Villager (Male) |
| 18:53 | Research | Wheelbarrow |
| 19:04 | Create | Villager (Male) |
| 19:04 | Create | Villager (Male) |
| 19:10 | Create | Villager (Male) |
| 19:16 | Create | Villager (Male) |
| 19:22 | Create | Villager (Male) |
| 19:25 | Build | Farm |
| 19:29 | Build | Farm |
| 19:29 | Build | Farm |
| 19:29 | Build | Farm |
| 19:30 | Build | Farm |
| 19:30 | Build | Farm |
| 19:44 | Create | Villager (Male) |
| 19:46 | Create | Villager (Male) |
| 19:50 | Build | Farm |
| 19:51 | Create | Villager (Male) |
| 20:03 | Create | Villager (Male) |
| 20:05 | Create | Villager (Male) ×2 |
| 20:14 | Build | Farm |
| 20:15 | Create | Villager (Male) |
| 20:49 | Build | Stone Wall |
| 20:50 | Create | Villager (Male) |
| 20:51 | Create | Villager (Male) |
| 20:56 | Build | Mining Camp |
| 20:57 | Create | Villager (Male) |
| 21:10 | Create | Villager (Male) |
| 21:16 | Create | Villager (Male) |
| 21:19 | Create | Villager (Male) |
Build order — Dawidowww
91 actions detected in the replay
| 0:01 | Create | Villager (Male) |
| 0:02 | Create | Villager (Male) |
| 0:02 | Create | Villager (Male) |
| 0:02 | Create | Villager (Male) |
| 0:04 | Build | House |
| 0:07 | Build | House |
| 0:27 | Research | Loom |
| 0:27 | Create | Villager (Male) ×3 |
| 2:39 | Create | Villager (Male) ×2 |
| 2:39 | Create | Villager (Male) ×2 |
| 3:16 | Create | Villager (Male) |
| 3:16 | Create | Villager (Male) |
| 3:48 | Create | Villager (Male) |
| 3:48 | Create | Villager (Male) |
| 4:06 | Build | House |
| 4:20 | Create | Villager (Male) ×4 |
| 4:20 | Create | Villager (Male) ×4 |
| 4:42 | Create | Villager (Male) |
| 4:42 | Create | Villager (Male) |
| 5:49 | Build | Lumber Camp |
| 5:51 | Create | Villager (Male) ×5 |
| 5:51 | Create | Villager (Male) ×3 |
| 6:39 | Build | House |
| 7:03 | Create | Villager (Male) ×2 |
| 7:55 | Build | House |
| 8:15 | Build | Mill |
| 9:04 | Build | Mining Camp |
| 9:13 | Research | Feudal Age |
| 10:36 | Build | Mining Camp |
| 11:12 | Create | Villager (Male) |
| 11:12 | Create | Villager (Male) |
| 11:30 | Age | Feudal Age |
| 11:37 | Build | Market |
| 11:42 | Build | Blacksmith |
| 12:06 | Build | Mill |
| 12:25 | Research | Castle Age |
| 12:25 | Research | Castle Age |
| 12:59 | Build | House |
| 14:33 | Research | Fletching |
| 14:37 | Research | Double-Bit Axe |
| 14:37 | Research | Double-Bit Axe |
| 14:41 | Research | Horse Collar |
| 15:05 | Age | Castle Age |
| 15:09 | Build | House |
| 15:24 | Build | Castle |
| 15:28 | Create | Villager (Male) |
| 15:28 | Create | Villager (Male) |
| 15:36 | Research | Heavy Plow |
| 16:02 | Build | Lumber Camp |
| 16:12 | Create | Villager (Male) |
| 16:23 | Create | Villager (Male) |
| 16:49 | Create | Mangudai |
| 16:55 | Create | Villager (Male) |
| 16:55 | Create | Villager (Male) |
| 16:59 | Build | Farm |
| 17:00 | Build | Farm |
| 17:08 | Build | Farm |
| 17:26 | Create | Mangudai |
| 17:33 | Create | Villager (Male) |
| 17:50 | Create | Mangudai |
| 17:51 | Create | Villager (Male) |
| 17:52 | Build | Farm |
| 17:53 | Build | Farm |
| 17:54 | Build | Farm |
| 18:23 | Create | Petard |
| 18:34 | Research | Bodkin Arrow |
| 18:34 | Research | Bodkin Arrow |
| 18:46 | Create | Petard |
| 18:48 | Create | Villager (Male) |
| 18:49 | Create | Villager (Male) |
| 19:01 | Build | Farm |
| 19:03 | Create | Villager (Male) |
| 19:05 | Build | Farm |
| 19:06 | Build | Farm |
| 19:07 | Build | Farm |
| 19:15 | Create | Mangudai |
| 20:09 | Create | Villager (Male) |
| 20:09 | Create | Mangudai |
| 20:10 | Create | Mangudai |
| 20:10 | Create | Mangudai |
| 20:36 | Create | Mangudai |
| 20:37 | Create | Villager (Male) |
| 20:37 | Create | Villager (Male) |
| 20:37 | Create | Villager (Male) |
| 20:37 | Create | Villager (Male) |
| 20:41 | Research | Wheelbarrow |
| 21:38 | Create | Mangudai |
| 21:39 | Create | Mangudai |
| 21:39 | Create | Mangudai |
| 21:40 | Create | Villager (Male) ×5 |
| 21:40 | Create | Villager (Male) ×5 |
Match timeline
| 0:52 | EarlyQuitter · wall_segment Palisade Wall x13 |
| 2:44 | |AT| Gorkha · wall_segment Palisade Wall x10 |
| 4:04 | EarlyQuitter · wall_segment Palisade Wall x1 |
| 4:39 | |AT| Gorkha · wall_segment Palisade Wall x4 |
| 4:45 | jrox · wall_segment Palisade Wall x3 |
| 5:11 | |AT| Gorkha · wall_segment Palisade Wall x1 |
| 5:18 | jrox · wall_segment Palisade Wall x12 |
| 5:44 | |AT| Gorkha · wall_segment Palisade Wall x1 |
| 5:45 | |AT| Gorkha · wall_segment Palisade Wall x1 |
| 5:46 | |AT| Gorkha · wall_segment Palisade Wall x1 |
| 5:47 | |AT| Gorkha · wall_segment Palisade Wall x1 |
| 5:47 | |AT| Gorkha · wall_segment Palisade Wall x1 |
| 6:34 | |AT| Gorkha · wall_segment Palisade Wall x7 |
| 6:35 | |AT| Gorkha · wall_segment Palisade Wall x1 |
| 6:36 | |AT| Gorkha · wall_segment Palisade Wall x1 |
| 6:36 | |AT| Gorkha · wall_segment Palisade Wall x1 |
| 8:27 | |AT| Gorkha · wall_segment Palisade Wall x1 |
| 8:28 | |AT| Gorkha · wall_segment Palisade Wall x1 |
| 8:29 | |AT| Gorkha · wall_segment Palisade Wall x1 |
| 8:31 | |AT| Gorkha · wall_segment Palisade Wall x1 |
| 8:33 | |AT| Gorkha · wall_segment Palisade Wall x1 |
| 9:01 | EarlyQuitter · first_building Barracks |
| 9:50 | |AT| Gorkha · wall_segment Palisade Wall x1 |
| 9:51 | |AT| Gorkha · wall_segment Palisade Wall x1 |
| 10:43 | Сергей Петрович · age_up feudal |
| 11:03 | ZawiszaCzarny · age_up feudal |
| 11:26 | PL_KOLO · age_up feudal |
| 11:30 | Dawidowww · age_up feudal |
| 11:47 | wayneidriss · age_up feudal |
| 12:33 | wayneidriss · first_building Barracks |
| 12:34 | EarlyQuitter · age_up feudal |
| 12:47 | |AT| Gorkha · age_up feudal |
| 13:05 | |AT| Gorkha · wall_segment Stone Wall x4 |
| 13:07 | jrox · wall_segment Palisade Wall x14 |
| 13:10 | PL_KOLO · first_market_sell 100 wood |
| 13:15 | EarlyQuitter · first_building Archery Range |
| 13:23 | jrox · age_up feudal |
| 13:37 | jrox · wall_segment Stone Wall x6 |
| 13:40 | |AT| Gorkha · wall_segment Stone Wall x1 |
| 13:41 | |AT| Gorkha · wall_segment Stone Wall x1 |
| 13:42 | |AT| Gorkha · wall_segment Stone Wall x1 |
| 13:43 | jrox · wall_segment Stone Wall x5 |
| 13:44 | |AT| Gorkha · wall_segment Stone Wall x1 |
| 13:46 | |AT| Gorkha · wall_segment Stone Wall x1 |
| 13:48 | jrox · wall_segment Stone Wall x1 |
| 13:50 | wayneidriss · first_building Stable |
| 14:20 | Сергей Петрович · age_up castle |
| 14:37 | EarlyQuitter · wall_segment Stone Wall x4 |
| 14:41 | EarlyQuitter · wall_segment Stone Wall x14 |
| 15:00 | ZawiszaCzarny · age_up castle |
| 15:05 | Dawidowww · age_up castle |
| 15:24 | Dawidowww · first_building Castle |
| 15:33 | wayneidriss · age_up castle |
| 15:33 | Dawidowww · first_market_buy 100 food |
| 15:46 | PL_KOLO · age_up castle |
| 16:16 | |AT| Gorkha · wall_segment Stone Wall x11 |
| 16:36 | EarlyQuitter · wall_segment Stone Wall x3 |
| 16:41 | |AT| Gorkha · wall_segment Stone Wall x1 |
| 17:00 | |AT| Gorkha · wall_segment Stone Wall x11 |
| 17:29 | |AT| Gorkha · wall_segment Stone Wall x7 |
| 17:37 | ZawiszaCzarny · first_building Monastery |
| 18:08 | wayneidriss · first_building Monastery |
| 18:32 | Dawidowww · first_market_sell 100 wood |
| 18:37 | |AT| Gorkha · wall_segment Stone Wall x7 |
| 19:10 | |AT| Gorkha · wall_segment Stone Wall x1 |
| 19:23 | |AT| Gorkha · wall_segment Stone Wall x1 |
| 19:29 | |AT| Gorkha · wall_segment Stone Wall x1 |
| 20:18 | |AT| Gorkha · resign |
| 20:49 | Сергей Петрович · wall_segment Stone Wall x6 |
| 20:57 | EarlyQuitter · age_up castle |
| 21:17 | jrox · age_up castle |
| 21:31 | jrox · first_building Siege Workshop |
[ AI ANALYSIS · 1 CREDIT ]
What really happened in this match?
Wolo.gg analyzes every decision: build order, eco, micro, common mistakes by bracket. Personalized analysis on WhatsApp or Discord in 30 seconds.
Civ guide
Lithuanians
Perfil
Jugador #9837389